 Dungeon Crawl Stone Soup version 0.31-a0-430-gf8416d752b (webtiles) character file.

Game seed: 1853553317469604203

218 AdnanSaban the Covered (level 5, -5/33 HPs)
             Began as a Gargoyle Fighter on July 31, 2023.
             Slain by an ogre
             ... wielding a +0 giant spiked club
              (23 damage)
             ... on level 4 of the Dungeon.
             The game lasted 00:02:28 (2592 turns).

AdnanSaban the Covered (Gargoyle Fighter)           Turns: 2592, Time: 00:02:28

Health: -5/33      AC: 11    Str: 26    XL:     5   Next: 95%
Magic:  5/5        EV: 10    Int: 12    God:
Gold:   161        SH:  4    Dex:  9    Spells: 4/4 levels left

rFire   . . .        i - +2 mace "Zazauk" {venom, Will- Str+4 Int+4 SInv}
rCold   . . .        c - +0 buckler
rNeg    + . .        b - +0 scale mail
rPois   ∞            (no helmet)
rElec   +            (no cloak)
rCorr   .            (no gloves)
SInv    +            (no boots)
Will    .....        (no amulet) Stlth
                     g - ring of willpower
HPRegen 0.25/turn    (no ring)
MPRegen 0.09/turn

%: no passive effects
@: no status effects
A: sickness immunity, AC +4, negative energy resistance 1, electricity
resistance, torment resistance 1, petrification resistance
a: no special abilities


You were on level 4 of the Dungeon.
You visited 1 branch of the dungeon, and saw 4 of its levels.

You collected 161 gold pieces.

Inventory:

Hand Weapons
 a - a +0 flail
 i - the +2 mace "Zazauk" (weapon) {venom, Will- Str+4 Int+4 SInv}
   (You found it on level 2 of the Dungeon)

   Str:       It affects your strength (+4).
   Int:       It affects your intelligence (+4).
   SInv:      It lets you see invisible.
   Will:      It decreases your willpower.
Armour
 b - a +0 scale mail (worn)
 c - a +0 buckler (worn)
Jewellery
 g - a ring of willpower (left hand)
Wands
 j - a wand of polymorph (14)
Scrolls
 h - a scroll of blinking {unknown}
 k - 3 scrolls of identify {unknown}
 l - 2 scrolls of revelation {unknown}
 m - 2 scrolls of enchant weapon {unknown}
 n - a scroll of fog {unknown}
 o - a scroll of enchant armour {unknown}
 q - a scroll of teleportation {unknown}
 t - a scroll of immolation {unknown}
Potions
 d - 3 potions of might
 e - 2 potions of heal wounds {unknown}
 f - a potion of magic {unknown}
 p - a potion of cancellation {unknown}
 r - a potion of mutation {unknown}
 s - a potion of resistance {unknown}


   Skills:
 + Level 4.2 Fighting
 + Level 4.2 Maces & Flails
 + Level 4.4 Armour
 + Level 0.8 Dodging
 + Level 3.5 Shields


You had 4 spell levels left.
You didn't know any spells.
Your spell library was empty.

Dungeon Overview and Level Annotations

Branches:
Dungeon (4/15)
 Temple: D:4-7

Altars:
Cheibriados
Trog
Vehumet

Shops:
D:3 (


Innate Abilities, Weirdness & Mutations

You are immune to sickness and miasma.
Your stone body is resilient. (AC +4)
You are immune to poison.
You resist negative energy. (rN+)
You are resistant to electric shocks. (rElec)
You are resistant to unholy torment.
You are immune to petrification.


Message History

The hobgoblin shouts!
You see here a +0 short sword.
You sock the hobgoblin!
You kill the hobgoblin!
Things that are here:
a +0 short sword; 2 poisoned darts; a hobgoblin corpse
Found a stone staircase leading up.
Done exploring.
Done exploring.
Done exploring.
No target in view!
Search for what [? for help]? throw
Things that are here:
a +0 short sword; 2 poisoned darts; a hobgoblin corpse
u - 2 poisoned darts Done exploring.
Done exploring.
Done exploring.
An ogre comes into view. It is wielding a +0 giant spiked club.
The ogre shouts!
You can't go down here!
You throw a poisoned dart. The poisoned dart hits the ogre.
The ogre is poisoned.
You throw a poisoned dart. The poisoned dart hits the ogre.
The ogre looks even sicker.
The ogre is lightly wounded.
There is a stone staircase leading down here.
You hit the ogre.
The ogre looks as sick as possible!
The ogre is moderately wounded.
The ogre hits you with a +0 giant spiked club!
You hit the ogre.
The ogre looks as sick as possible!
The ogre is heavily wounded.
The ogre hits you with a +0 giant spiked club.
You hit the ogre.
The ogre looks as sick as possible!
The ogre is severely wounded.
You closely miss the ogre.
The ogre is severely wounded.
The ogre hits you with a +0 giant spiked club!!
Ouch! That really hurt!
You die...

..## #........# ##.###.#..####
...# #........# #..# #...#.###
...###########.### #.## #..#.#.#.
........## #.#####.# #..##.#.#
..#####..## #.#.....# ##..###.#)
..# ####..####.#.#######...##.#.#
### #..........#.# #....#.#.#.
#####.######..##.######.....#.###
....#.# ##...@O..(('......####
....#.# ###########.†........
.##.#.# #.......### ..).#.#
#.......# #)#.#.# #.......#
#.#.#<# ######### ..#.### ..#.#
#.#.#


You could see an ogre (extremely poisoned).

Vanquished Creatures
  A howler monkey (D:4)
  An orc wizard (D:3)
  6 adders
  2 worms
  6 dart slugs
  9 orcs (D:3)
  5 bats
  5 endoplasms
  3 giant cockroaches
  6 goblins
  6 hobgoblins
  5 jackals
  5 kobolds
  2 quokkas
  5 ball pythons
  5 frilled lizards
  4 rats
76 creatures vanquished.

Notes
Turn   | Place    | Note
-------+----------+-------------------------------------------
     0 | D:1      | AdnanSaban the Gargoyle Fighter began the quest for the
                  | Orb.
     0 | D:1      | Reached XP level 1. HP: 14/14 MP: 1/1
    98 | D:1      | Reached XP level 2. HP: 19/19 MP: 2/2
   394 | D:1      | Reached XP level 3. HP: 23/23 MP: 3/3
   822 | D:2      | Identified the +2 mace "Zazauk" {venom, Will- Str+4 Int+4
                  | SInv}
   879 | D:2      | Found a radiant altar of Vehumet.
   908 | D:2      | Reached XP level 4. HP: 29/29 MP: 4/4
  1210 | D:3      | Found a bloodstained altar of Trog.
  1319 | D:3      | Reached XP level 5. HP: 33/33 MP: 5/5
  1350 | D:3      | Found Ipligar's Antique Weapon Boutique.
  2290 | D:4      | Found a snail-covered altar of Cheibriados.
  2584 | D:4      | Noticed an ogre
  2592 | D:4      | Slain by an ogre

Illustrated notes

Levels and vault maps discovered:
D:1:      minmay_arrival_semitransparent, layout_rooms
D:2:      layout_basic, basic_altar
D:3:      layout_basic, mainiacjoe_overflow_alcove_2, serial_shops, shop,
          minmay_bisected
D:4:      layout_basic, slow_altar_2, minmay_misc_feat_tower, minmay_circle_x

Skill      XL: |  1  2  3  4  5 |
---------------+----------------+-----
Maces & Flails | 3 4 |  4.2
Armour         | 4 |  4.4
Fighting       | 4 |  4.2
Dodging        | |  0.8
Shields        | |  3.5

Action                     |  1- 3 |  4- 6 || total
---------------------------+-------+-------++-------
  Melee: Flail             |   114 |       ||   114
         Mace              |     4 |   131 ||   135
  Throw: Dart              |       |     2 ||     2
 Armour: Scale mail        |    74 |    82 ||   156
  Dodge: Dodged            |    67 |    63 ||   130
  Block: Buckler           |    18 |    14 ||    32

Table legend: (Time is in decaauts)
 A = Elapsed time spent in this place.
 B = Non-inter-level travel time spent in this place.
 C = Inter-level travel time spent in this place.
 D = Time resting spent in this place.
 E = Time spent auto-exploring this place.
 F = Levels seen in this place.
 G = Mean time per level.
                   A        B        C        D        E       F      G
               +--------+--------+--------+--------+--------+-----+--------+
         Total |   2658 |   2597 |     61 |      0 |   2038 |   4 |  664.5 |
       Dungeon |   2658 |   2597 |     61 |      0 |   2038 |   4 |  664.5 |
               +--------+--------+--------+--------+--------+-----+--------+

Top non-repeatable levels by time:
     D:3: 792 daAuts
     D:4: 780 daAuts
     D:1: 555 daAuts
     D:2: 530 daAuts
